 Dungeon Crawl Stone Soup version 0.30.0-5-g1a98f26d00 (webtiles) character file.

Game seed: 1817050941954331506

29 monsoonserge the Firebug (level 3, -8/29 HPs)
             Began as a Human Cinder Acolyte on May 12, 2023.
             Was a High Priest of Ignis.
             Mangled by a +6 spectral club (9 damage)
             ... created by Jessica
             ... on level 2 of the Dungeon.
             The game lasted 00:02:48 (1048 turns).

monsoonserge the Firebug (Human Cinder Acolyte)     Turns: 1048, Time: 00:02:49

Health: -8/29      AC:  4    Str: 16    XL:     3   Next: 32%
Magic:  3/4        EV: 11    Int: 14    God:    Ignis [*****.]
Gold:   22         SH:  0    Dex:  8    Spells: 2/4 levels left

rFire   + . .        a - -1 mace (flame)
rCold   . . .        (no shield)
rNeg    . . .        g - +0 leather armour
rPois   .            (no helmet)
rElec   .            (no cloak)
rCorr   .            d - +0 pair of gloves
SInv    .            (no boots)
Will    .....        (no amulet)
Stlth   +            (no ring)
HPRegen 0.24/turn    (no ring)
MPRegen 0.09/turn

%: no passive effects
@: no status effects
A: no striking features
a: Renounce Religion, Fiery Armour, Foxfire Swarm, Rising Flame


You were on level 2 of the Dungeon.
You worshipped Ignis.
Ignis was extremely pleased with you.
You visited 1 branch of the dungeon, and saw 2 of its levels.

You collected 22 gold pieces.

Inventory:

Hand Weapons
 a - a -1 mace of flaming (weapon)
Missiles
 c - 4 curare-tipped darts
 f - 4 silver javelins (quivered)
Armour
 b - a +0 robe
 d - a +0 pair of gloves (worn)
 g - a +0 leather armour (worn)
Potions
 e - a potion of curing {unknown}


   Skills:
 + Level 3.3 Fighting
 + Level 3.2 Maces & Flails
 * Level 0.6 Armour
 + Level 0.3 Dodging
 - Level 1.0 Spellcasting
 + Level 3.4 Fire Magic


You had 2 spell levels left.
You knew the following spells:

 Your Spells              Type           Power      Damage    Failure   Level
a - Scorch                Fire           20%        2d6       12%         2

Your spell library contained the following spells:

 Spells                   Type           Power      Damage    Failure   Level


Dungeon Overview and Level Annotations

Branches:
Dungeon (2/15)

Altars:

Annotations:
D:2 Jessica


Message History

You hit the worm. You burn the worm.
The worm is severely wounded.
The worm bites you but does no damage.
Casting: Scorch (safe; 12% risk of failure)
Confirm with . or Enter, or press ? or * to list all spells.
You don't have enough magic to cast this spell.
You hit the worm but do no damage.
The worm is severely wounded.
The worm bites you!
You hit the worm but do no damage.
The worm is heavily wounded.
The worm barely misses you.
You sock the worm! You burn the worm.
You kill the worm!
A goblin comes into view. It is wielding a +0 dagger.
The goblin shouts!
You hear a shout!
Jessica the Apprentice Sorceress comes into view.
She is wielding a +6 spectral club.
You hit Jessica but do no damage.
Jessica hits you with a +6 spectral club.
The +6 spectral club hits you.
A +6 spectral club comes into view.
Unknown command.
You hit Jessica but do no damage.
Jessica points at you and mumbles some strange words.
Pain shoots through your body!
You hit Jessica but do no damage.
The +6 spectral club disappears.
Jessica barely misses you.
The +6 spectral club closely misses you.
Jessica gestures wildly while chanting.
Jessica seems to speed up.
A +6 spectral club comes into view.
You hit Jessica. You burn Jessica.
Jessica is severely wounded.
The +6 spectral club disappears.
Jessica completely misses you. The +6 spectral club hits you!
* * * LOW HITPOINT WARNING * * *
Jessica hits you with a +6 spectral club!
* * * LOW HITPOINT WARNING * * *
The +6 spectral club hits you!
You die...

#......#
########..
###..###
###
#......#
##.##.##
#......#
#.####.#
#......#
##.##.##
#..g(@.#
###.@###
#....
##.## ...
###


You could see a +6 spectral club, Jessica (fast) and a goblin.

Vanquished Creatures
  2 worms (D:2)
  3 ball pythons
  2 bats (D:1)
  A giant cockroach (D:1)
  2 goblins
  A hobgoblin (D:2)
  4 jackals
  A quokka (D:1)
  2 frilled lizards (D:1)
  A kobold (D:1)
  A rat (D:1)
20 creatures vanquished.

Notes
Turn   | Place    | Note
-------+----------+-------------------------------------------
     0 | D:1      | monsoonserge the Human Cinder Acolyte began the quest for
                  | the Orb.
     0 | D:1      | Reached XP level 1. HP: 18/18 MP: 2/2
   179 | D:1      | Reached XP level 2. HP: 24/24 MP: 3/3
   182 | D:1      | Learned a level 2 spell: Scorch
   678 | D:1      | Found a faded altar of an unknown god.
   937 | D:2      | Reached XP level 3. HP: 17/29 MP: 4/4
  1044 | D:2      | Noticed Jessica
  1048 | D:2      | HP: 1/29 [Jessica/+6 spectral club (7)]
  1048 | D:2      | Mangled by a +6 spectral club

Illustrated notes

Levels and vault maps discovered:
D:1:      dpeg_arrival_rooms_b, layout_basic, hellmonk_ecumenical_altar_zigzags
D:2:      cheibrodos_old_hovel, layout_rooms, supply_closet_lemuel,
          minmay_misc_feat_alley, nicolae_elevator_lobby_asterisk, uniq_jessica

Action                     || total
---------------------------++-------
  Melee: Mace              ||    69
   Cast: Scorch            ||     3
 Armour: Robe              ||     8
         Leather armour    ||    11
  Dodge: Dodged            ||    43
